 Dungeon Sprint DCSS version 0.31-a0-435-g2c6fae2916 (webtiles) character file.

Game seed: 14098162236003627454

18387 garrulousMonolith the Nimble (level 12, -4/103 HPs)
             Began as a Gnoll Shapeshifter on Aug 1, 2023.
             Was a High Priest of Cheibriados.
             Drowned by Cuthrir the pandemonium lord (36 damage)
             ... in the Dungeon (Sprint V: "Ziggurat Sprint").
             The game lasted 00:07:02 (1164 turns).

garrulousMonolith the Nimble (Gnoll Shapeshifter)   Turns: 1164, Time: 00:07:02

Health: -4/103     AC: 26    Str: 27    XL:     12   Next: 58%
Magic:  15/28      EV: 12    Int: 32    God:    Cheibriados [*****.]
Gold:   0          SH: 34    Dex: 32    Spells: 26/35 levels left

rFire   + + .        L - +11 lance "Wyrmbane" {slay drac, rPois rF+ rC+ AC+3}
rCold   + + .        J - +18 shield of the Gong {Loud rN+ Will+ rCorr EV-5}
rNeg    + + +        O - +5 gold dragon scales
rPois   +            (helmet currently unavailable)
rElec   +            (cloak currently unavailable)
rCorr   +            (gloves currently unavailable)
SInv    .            (boots currently unavailable)
Will    +....        (no amulet) Stlth
                     X - ring of Otrol {*Corrode rElec rN++ Dex+6 Stlth+}
HPRegen 0.37/turn    y - +6 ring of intelligence
MPRegen 0.21/turn

%: no teleportation, corrode self (3%)
@: beast-form, studying 2 skills, very slow
A: beast (slay +7), fangs 1, strong nose, distributed training
a: Begin Untransformation, Renounce Religion, Bend Time, Temporal Distortion,
Slouch, Step From Time


You were in the Dungeon.
You worshipped Cheibriados.
Cheibriados was extremely pleased with you.
You were a hulking beast.
You visited 1 branch

Inventory:

Hand Weapons
 m - the +3 Elemental Staff {rElec rF+ rC+ AC+3}
   (You found it in the Dungeon)

   It enhances your fire, ice, earth and air magic.
   AC:        It affects your AC (+3).
   rF:        It protects you from fire.
   rC:        It protects you from cold.
   rElec:     It insulates you from electricity.
 F - the +6 Majin-Bo {spellvamp, MP+6 Int+6}
   (You found it in the Dungeon)

   Int:       It affects your intelligence (+6).
   MP:        It affects your magic capacity (+6).
 G - the +27 heavy crossbow "Sniper" {heavy, Acc+∞ SInv}
   (You found it in the Dungeon)

   Acc+∞: It never misses its target.
   SInv:      It lets you see invisible.
 H - the +16 obsidian axe {drain, demonic, Mesm Drain Fly SInv}
   (You found it in the Dungeon)

   Mesm:      Its wielder is mesmerised by any visible foes, and it cannot be
   unequipped while any foes are visible.
   SInv:      It lets you see invisible.
   Fly:       It grants you flight.
   Drain:     It drains your maximum health when unequipped.
 K - the +11 Singing Sword {sonic wave}
   (You found it in the Dungeon)
 L - the +11 lance "Wyrmbane" (weapon) {slay drac, rPois rF+ rC+ AC+3}
   (You found it in the Dungeon)

   AC:        It affects your AC (+3).
   rF:        It protects you from fire.
   rC:        It protects you from cold.
   rPois:     It protects you from poison.
 M - the +9 sword of Zonguldrok {reap}
   (You found it in the Dungeon)
 N - the +6 shillelagh "Devastator" {shatter}
   (You found it in the Dungeon)
Armour
 I - the +15 Maxwell's patent armour {-Cast -Tele rElec Will+ rCorr}
   (You found it in the Dungeon)

   rElec:     It insulates you from electricity.
   -Cast:     It prevents spellcasting.
   -Tele:     It prevents most forms of teleportation.
   rCorr:     It protects you from acid and corrosion.
   Will:      It increases your willpower.
 J - the +18 shield of the Gong (worn) {Loud rN+ Will+ rCorr EV-5}
   (You found it in the Dungeon)

   Loud:      It is deafeningly noisy when blocking attacks.
   EV:        It affects your evasion (-5).
   rN:        It protects you from negative energy.
   rCorr:     It protects you from acid and corrosion.
   Will:      It increases your willpower.
 O - +5 gold dragon scales (worn)
Jewellery
 v - a ring of flight
 x - a +6 ring of dexterity
 y - a +6 ring of intelligence (right hand)
 z - a +6 ring of intelligence
 A - a +6 ring of strength
 P - an amulet of faith
 R - the ring "Tyam" {+Blink rElec rC+ rN++ Will-}
   (You found it in the Dungeon)

   [ring of protection from cold]

   rC:        It protects you from cold.
   rElec:     It insulates you from electricity.
   rN:        It greatly protects you from negative energy.
   +Blink:    It lets you blink.
   Will:      It decreases your willpower.
 U - the ring of Ticrin {rC+ Dex+3 SInv Stlth-}
   (You found it in the Dungeon)

   [ring of see invisible]

   Dex:       It affects your dexterity (+3).
   rC:        It protects you from cold.
   SInv:      It lets you see invisible.
   Stlth:     It makes you less stealthy.
 X - the ring of Otrol (left hand) {*Corrode rElec rN++ Dex+6 Stlth+}
   (You found it in the Dungeon)

   [ring of dexterity]

   Dex:       It affects your dexterity (+6).
   rElec:     It insulates you from electricity.
   rN:        It greatly protects you from negative energy.
   *Corrode:  It may corrode you when you take damage.
   Stlth:     It makes you more stealthy.
 Z - the ring "Daxkisod" {rF+ rCorr Stlth+}
   (You found it in the Dungeon)

   [ring of resist corrosion]

   rF:        It protects you from fire.
   rCorr:     It protects you from acid and corrosion.
   Stlth:     It makes you more stealthy.
Talismans
 c - a beast talisman (active)
 C - a blade talisman
 D - a maw talisman
 E - a serpent talisman
Wands
 s - a wand of mindburst (9)
 t - a wand of iceblast (14)
 u - a wand of acid (10)
 T - a wand of charming (16)
 Y - a wand of flame (31)
Scrolls
 i - 4 scrolls of blinking
 o - 4 scrolls of amnesia
 p - 7 scrolls of fog
 q - 5 scrolls of identify
 r - 2 scrolls of fear
Potions
 b - a potion of lignification
 d - 8 potions of curing
 e - 11 potions of heal wounds
 f - 14 potions of haste
 g - 6 potions of magic
 h - 3 potions of berserk rage
 j - 2 potions of brilliance
 k - 2 potions of invisibility
 l - 4 potions of resistance
 n - 6 potions of might
Miscellaneous
 Q - a phantom mirror (inert)
 S - a sack of spiders


   Skills:
 + Level 12.4 Fighting
 + Level 12.2 Short Blades
 + Level 12.2 Long Blades
 + Level 12.2 Axes
 + Level 12.2 Maces & Flails
 + Level 12.2 Polearms
 + Level 12.2 Staves
 + Level 12.2 Ranged Weapons
 + Level 12.2 Throwing
 + Level 12.2 Armour
 + Level 14.4 Dodging
 + Level 12.2 Stealth
 + Level 12.2 Shields
 + Level 13.7 Unarmed Combat
 + Level 12.2 Spellcasting
 + Level 10.3 Conjurations
 + Level 10.3 Hexes
 + Level 10.3 Summonings
 + Level 10.3 Necromancy
 + Level 10.3 Translocations
 + Level 10.3 Transmutations
 + Level 10.3 Fire Magic
 + Level 10.3 Ice Magic
 + Level 10.3 Air Magic
 + Level 10.3 Earth Magic
 + Level 10.3 Poison Magic
 + Level 13.2 Invocations
 + Level 12.2 Evocations
 + Level 12.1 Shapeshifting


You had 26 spell levels left.
You knew the following spells:

 Your Spells              Type           Power      Damage    Failure   Level
a - Foxfire               Conj/Fire      100%       2x1d9     1%          1
b - Passage of Golubria   Tloc           71%        N/A       16%         4
c - Animate Dead          Necr           71%        N/A       16%         4

Your spell library contained the following spells:

 Spells                   Type           Power      Damage    Failure   Level
 Sandblast                Erth           100%       2d20      1%          1
 Sublimation of Blood     Necr           71%        N/A       2%          2
 Wereblood                Tmut           71%        N/A       2%          2
 Dazzling Flash           Conj/Hex       100%       N/A       4%          3
 Tukima's Dance           Hex            71%        N/A       4%          3
 Vampiric Draining        Necr           71%        2d11      4%          3
 Agony                    Necr           71%        N/A       38%         5
 Irradiate                Conj/Tmut      35%        3d23      38%         5
 Silence                  Hex/Air        35%        N/A       38%         5
 Summon Forest            Summ/Tloc      35%        N/A       38%         5
 Summon Mana Viper        Hex/Summ       71%        N/A       38%         5
 Yara's Violent Unravell  Hex/Tmut       35%        3d14      38%         5
 Eringya's Noxious Bog    Tmut/Pois      35%        4d6       93%         6
 Plasma Beam              Fire/Air       35%        2x1d49    93%         6
 Simulacrum               Ice/Necr       35%        N/A       93%         6
 Starburst                Conj/Fire      35%        6d10      93%         6
 Haunt                    Necr/Summ      35%        N/A       100%        7
 Summon Hydra             Summ           35%        N/A       100%        7
 Infestation              Necr           35%        N/A       100%        8
 Chain Lightning          Conj/Air       35%        3d47      100%        9
 Fire Storm               Conj/Fire      35%        8d9       100%        9
 Shatter                  Erth           35%        3d28*     100%        9


Dungeon Overview and Level Annotations

Branches:
Dungeon (1/1)

Altars:
Ashenzari
Cheibriados
Dithmenos
Elyvilon
Fedhas
Gozag
Hepliaklqana
Kikubaaqudgha
Makhleb
Nemelex Xobeh
Okawaru
Qazlal
Ru
Sif Muna
Trog
Uskayaw
Vehumet
Wu Jian
Xom
Yredelemnul
Zin
The Shining One
Jiyva
Lugonu


Innate Abilities, Weirdness & Mutations

You are a hulking beast.
Your limbs bulge with bestial killing power. (Slay +7)
You have very sharp teeth.
Your uncanny sense of smell can sniff out nearby items.
Your experience applies equally to all skills.


Message History

You feel much better. You block the sun demon's attack.
Pexelogg barely misses Pexelogg.
The orange demon stings Pexelogg!
Pexelogg looks as sick as possible!
The orange demon poisons Pexelogg!
The orange demon closely misses Pexelogg.
You block the sun demon's attack. The sun demon attacks as you move away!
You block the sun demon's attack. Cuthrir attacks as you move away!
You block Cuthrir's attack.
Pexelogg becomes audible again.
Pexelogg gestures at Pexelogg.
Pexelogg resists with almost no effort.
You block Cuthrir's attack.
BONNNG!
Pexelogg gestures.
Pexelogg's surroundings become eerily quiet.
Something misses Pexelogg.
You block Cuthrir's attack.
Pexelogg gestures.
Pexelogg's surroundings become eerily quiet.
Something hits Pexelogg!!
The orange demon stings Pexelogg!
The orange demon hits Pexelogg but does no damage.
The hellwing hits you.
The hellwing hits you but does no damage.
Something hits Pexelogg!
Pexelogg is skewered by barbed spikes.
As something dies, the sound returns.
You block Cuthrir's attack.
PANG!
Activating: Slouch (1% risk of failure)
Press: ? - help, Dir - look around, f - activate You can feel time thicken for a moment.
Cheibriados lowers the support of your attributes as your movement quickens.
You block Cuthrir's attack.
SHROANNG!
Pexelogg hits you! Cuthrir closely misses you. Pexelogg hits you.
Activating: Slouch (1% risk of failure)
Press: ? - help, Dir - look around, f - activate You can feel time thicken for a moment.
You kill the rust devil!
Cheibriados appreciates the change of pace.
Cheibriados lowers the support of your attributes as your movement quickens.
Cuthrir sneers, "Accept thy doom, thou puny rude-growing nobody!"
Cuthrir engulfs you!! Cuthrir drowns you!!!
You die...

▓../))).:=..▓.▓..†.
▓...)|◎[|)..▓...©..
∆∆∆
▓...........▓▓▓▓▓▓▓
∆∆∆
▓...........▓...8©8
▓...4.......▓..)...
▓..4422.....▓.....[
▓. ▓2&4..▓ ▓......
▓.▓▓▓44.▓▓ ▓.....)
▓.h▓34...▓..▓...)).
▓.&&.4©.....▓...)÷.
▓▓▓▓▓▓▓▓▓▓▓▓▓..)...
▓....8©8....▓....©.
▓..)|[).|)..▓▓▓▓▓▓▓
▓...)).||...▓...8©8
▓...........▓..).))
▓...........▓....).
∆∆∆
▓...........▓...)).


You could see Cuthrir, Pexelogg and a hellwing.

Vanquished Creatures
  A tentacled starspawn (D)
  3 shadow dragons (D)
  A rockslime (D)
  3 dancing weapons (D)
  3 soul eaters (D)
  A deep elf knight (D)
  A glowing orange brain (D)
  A large abomination (D)
  A deep elf archer (D)
  A shining eye (D)
  2 deep elf pyromancers (D)
  5 deep elf zephyrmancers (D)
  A rust devil (D)
  An eye of devastation (D)
  An ancient zyme (D)
  A wind drake (D)
  2 slime creatures (D)
  A water elemental (D)
  5 air elementals (D)
  2 ynoxinuls (D)
  2 fire elementals (D)
  2 golden eyes (D)
  3 starcursed masses (D)
  A yak (shapeshifter) (D)
  A chaos spawn (D)
  2 hell hounds (D)
  2 small abominations (D)
  A necrophage (D)
  A wight (D)
  3 crimson imps (D)
  A quasit (D)
  3 iron imps (D)
  3 jellies (D)
  2 mummies (D)
  2 adders (D)
  A shadow imp (D)
  3 white imps (D)
  6 ufetubi (D)
  2 adder zombies (D)
  A ball python (D)
  A bat skeleton (D)
  A bat zombie (D)
  3 ball python zombies (D)
  A giant cockroach zombie (D)
  A jackal zombie (D)
  2 quokka skeletons (D)
  A spectral ball python (D)
  A fire vortex (D)
  A starspawn tentacle (D)
91 creatures vanquished.

Vanquished Creatures (others)
  A starspawn tentacle (D)
1 creature vanquished.

Grand Total: 92 creatures vanquished

Notes
Turn   | Place    | Note
-------+----------+-------------------------------------------
     0 | D        | garrulousMonolith the Gnoll Shapeshifter began the quest
                  | for the Orb.
     0 | D        | Reached XP level 1. HP: 17/17 MP: 1/1
     0 | D        | Found a shimmering blue altar of Sif Muna.
     0 | D        | Found a sacrificial altar of Ru.
     0 | D        | Found a bloodstained altar of Trog.
     0 | D        | Found a stormy altar of Qazlal.
     0 | D        | Found an iron altar of Okawaru.
     0 | D        | Found a sparkling altar of Nemelex Xobeh.
     0 | D        | Found a blossoming altar of Fedhas.
     0 | D        | Found the +6 Majin-Bo {spellvamp, MP+6 Int+6}
     0 | D        | Found the +27 heavy crossbow "Sniper" {heavy, Acc+∞ SInv}
     0 | D        | Found the +10 dark maul {heavy}
     0 | D        | Found the +15 Maxwell's patent armour {-Cast -Tele rElec
                  | Will+ rCorr}
     0 | D        | Found the +18 shield of the Gong {Loud rN+ Will+ rCorr
                  | EV-5}
     0 | D        | Found the +16 obsidian axe {drain, demonic, Mesm Drain Fly
                  | SInv}
     0 | D        | Found the +7 great mace "Firestarter" {flame, immolate,
                  | rFlCloud rF++}
     0 | D        | Found the +6 shillelagh "Devastator" {shatter}
     0 | D        | Found the +11 plutonium sword {Contam Stlth-}
     0 | D        | Found the +8 lance "Wyrmbane" {slay drac, rPois rF+ rC+
                  | AC+3}
     0 | D        | Found the +9 sword of Zonguldrok {reap}
     0 | D        | Found the +13 scythe of Curses {drain, curses, Drain}
     0 | D        | Found the +9 sword of Power {lifebolt}
     0 | D        | Found the +7 mace of Variability {chaos, chaos arc}
     0 | D        | Found the +11 Singing Sword {sonic wave}
     0 | D        | Found the +8 storm bow {elec, penet}
     2 | D        | Found a transporter.
     2 | D        | Found an ancient bone altar of Kikubaaqudgha.
     2 | D        | Found a viscous altar of Jiyva.
     2 | D        | Found a corrupted altar of Lugonu.
     2 | D        | Found a hazy altar of Hepliaklqana.
     2 | D        | Found a burning altar of Makhleb.
     2 | D        | Found an opulent altar of Gozag.
    54 | D        | Became a worshipper of Cheibriados the Contemplative
    77 | D        | Entered arena 2.
    77 | D        | Found the +3 Elemental Staff {rElec rF+ rC+ AC+3}
    77 | D        | Noticed a crimson imp
    77 | D        | Found a transporter.
    82 | D        | Reached skill level 5 in Dodging
    82 | D        | Reached XP level 2. HP: 24/24 MP: 1/5
    86 | D        | Killed a crimson imp
    87 | D        | Reached XP level 3. HP: 30/30 MP: 1/7
   146 | D        | Entered arena 3.
   146 | D        | Found a transporter.
   150 | D        | Reached * piety under Cheibriados
   151 | D        | Reached XP level 4. HP: 37/37 MP: 8/8
   162 | D        | Entered arena 4.
   162 | D        | Noticed a necrophage
   162 | D        | Found a transporter.
   167 | D        | Reached ** piety under Cheibriados
   168 | D        | Reached XP level 5. HP: 43/43 MP: 8/10
   169 | D        | Reached skill level 6 in Dodging
   172 | D        | Reached skill level 5 in Fighting
   177 | D        | Got the ring "Tyam" {+Blink rElec rC+ rN++ Will-}
   193 | D        | Entered arena 5.
   193 | D        | Found the +7 captain's cutlass {speed, disarm}
   193 | D        | Noticed a fire elemental
   193 | D        | Noticed a hell hound
   193 | D        | Noticed a hell hound
   193 | D        | Found a transporter.
   196 | D        | Killed a hell hound
   196 | D        | Reached *** piety under Cheibriados
   197 | D        | Reached skill level 5 in Invocations
   197 | D        | Reached XP level 6. HP: 51/51 MP: 11/13
   197 | D        | Killed a hell hound
   198 | D        | Reached skill level 5 in Short Blades
   198 | D        | Reached skill level 5 in Long Blades
   198 | D        | Reached skill level 5 in Axes
   198 | D        | Reached skill level 5 in Maces & Flails
   198 | D        | Reached skill level 5 in Polearms
   198 | D        | Reached skill level 5 in Staves
   198 | D        | Reached skill level 5 in Ranged Weapons
   198 | D        | Reached skill level 5 in Throwing
   198 | D        | Reached skill level 5 in Armour
   198 | D        | Reached skill level 7 in Dodging
   198 | D        | Reached skill level 5 in Stealth
   198 | D        | Reached skill level 5 in Shields
   198 | D        | Reached skill level 5 in Spellcasting
   198 | D        | Reached skill level 5 in Evocations
   198 | D        | Killed a fire elemental
   198 | D        | Reached **** piety under Cheibriados
   199 | D        | Reached XP level 7. HP: 57/58 MP: 11/15
   219 | D        | Entered arena 6.
   219 | D        | Found a transporter.
   225 | D        | Reached ***** piety under Cheibriados
   240 | D        | Entered arena 7.
   240 | D        | Noticed a wind drake
   240 | D        | Noticed an air elemental
   240 | D        | Noticed an air elemental
   240 | D        | Noticed an air elemental
   240 | D        | Noticed an air elemental
   240 | D        | Noticed an air elemental
   240 | D        | Paralysed by an air elemental for 1 turns
   241 | D        | Killed an air elemental
   241 | D        | Killed an air elemental
   241 | D        | Killed an air elemental
   241 | D        | Killed an air elemental
   241 | D        | Reached ****** piety under Cheibriados
   241 | D        | Killed an air elemental
   242 | D        | Reached skill level 8 in Dodging
   242 | D        | Reached skill level 5 in Conjurations
   242 | D        | Reached skill level 5 in Hexes
   242 | D        | Reached skill level 5 in Summonings
   242 | D        | Reached skill level 5 in Necromancy
   242 | D        | Reached skill level 5 in Translocations
   242 | D        | Reached skill level 5 in Transmutations
   242 | D        | Reached skill level 5 in Fire Magic
   242 | D        | Reached skill level 5 in Ice Magic
   242 | D        | Reached skill level 5 in Air Magic
   242 | D        | Reached skill level 5 in Earth Magic
   242 | D        | Reached skill level 5 in Poison Magic
   242 | D        | Reached XP level 8. HP: 67/67 MP: 10/18
   242 | D        | Found a transporter.
   250 | D        | Killed a wind drake
   337 | D        | Got the ring of Ticrin {rC+ Dex+3 SInv Stlth-}
   344 | D        | Entered arena 8.
   344 | D        | Noticed a starcursed mass
   347 | D        | Found a transporter.
   351 | D        | Killed a starcursed mass
   351 | D        | Killed a starcursed mass
   352 | D        | Reached skill level 9 in Dodging
   352 | D        | Reached skill level 10 in Unarmed Combat
   352 | D        | Reached XP level 9. HP: 59/74 MP: 4/20
   353 | D        | Killed a starcursed mass
   461 | D        | Learned a level 1 spell: Foxfire
   463 | D        | Entered arena 9.
   463 | D        | Noticed a deep elf zephyrmancer
   463 | D        | Noticed a deep elf zephyrmancer
   463 | D        | Noticed a deep elf zephyrmancer
   463 | D        | Noticed a deep elf pyromancer
   463 | D        | Noticed a deep elf archer
   464 | D        | Found a transporter.
   466 | D        | Killed a deep elf pyromancer
   466 | D        | Killed a deep elf zephyrmancer
   467 | D        | Reached XP level 10. HP: 80/82 MP: 10/22
   467 | D        | Killed a deep elf zephyrmancer
   467 | D        | Killed a deep elf archer
   467 | D        | Killed a deep elf zephyrmancer
   468 | D        | Reached skill level 10 in Dodging
   468 | D        | Reached skill level 10 in Invocations
   468 | D        | Reached skill level 10 in Shapeshifting
   635 | D        | Got the Grimoire of Leaden Bad Luck
   655 | D        | Entered arena 10.
   655 | D        | Noticed a deep elf pyromancer
   655 | D        | Noticed a +3 trident of venom
   655 | D        | Noticed a +2 heavy war axe
   655 | D        | Noticed a deep elf knight
   655 | D        | Noticed a deep elf zephyrmancer
   655 | D        | Noticed a deep elf zephyrmancer
   655 | D        | Noticed a +2 short sword of speed
   656 | D        | Killed a +2 short sword of speed
   656 | D        | Killed a +3 trident of venom
   656 | D        | Killed a +2 heavy war axe
   657 | D        | Reached skill level 10 in Fighting
   657 | D        | Reached XP level 11. HP: 91/91 MP: 18/24
   657 | D        | Killed a deep elf zephyrmancer
   657 | D        | Killed a deep elf pyromancer
   657 | D        | Killed a deep elf knight
   658 | D        | Reached skill level 10 in Short Blades
   658 | D        | Reached skill level 10 in Long Blades
   658 | D        | Reached skill level 10 in Axes
   658 | D        | Reached skill level 10 in Maces & Flails
   658 | D        | Reached skill level 10 in Polearms
   658 | D        | Reached skill level 10 in Staves
   658 | D        | Reached skill level 10 in Ranged Weapons
   658 | D        | Reached skill level 10 in Throwing
   658 | D        | Reached skill level 10 in Armour
   658 | D        | Reached skill level 11 in Dodging
   658 | D        | Reached skill level 10 in Stealth
   658 | D        | Reached skill level 10 in Shields
   658 | D        | Reached skill level 10 in Spellcasting
   658 | D        | Reached skill level 10 in Evocations
   658 | D        | Found a transporter.
   660 | D        | Killed a deep elf zephyrmancer
   669 | D        | Got the ring of Otrol {*Corrode rElec rN++ Dex+6 Stlth+}
   704 | D        | Entered arena 11.
   704 | D        | Noticed a large abomination
   707 | D        | Found a transporter.
   708 | D        | Killed a large abomination
   780 | D        | Entered arena 12.
   780 | D        | Noticed a tentacled starspawn
   781 | D        | Identified the +4 plate armour of Sif Muna's Hope {Harm rF+
                  | Int+4}
   784 | D        | Found a transporter.
   786 | D        | Killed a tentacled starspawn
   787 | D        | Reached skill level 12 in Dodging
   855 | D        | Learned a level 4 spell: Passage of Golubria
   860 | D        | Learned a level 4 spell: Animate Dead
   861 | D        | Entered arena 13.
   865 | D        | Noticed a shining eye
   865 | D        | Noticed a glowing orange brain
   865 | D        | Noticed a rockslime
   872 | D        | Killed a rockslime
   872 | D        | Killed a glowing orange brain
   873 | D        | Reached skill level 13 in Dodging
   873 | D        | Reached XP level 12. HP: 73/100 MP: 12/27
   951 | D        | Found a transporter.
  1002 | D        | Got the ring "Daxkisod" {rF+ rCorr Stlth+}
  1027 | D        | Entered arena 14.
  1028 | D        | Noticed a soul eater
  1030 | D        | Noticed a shadow dragon
  1030 | D        | Noticed a soul eater
  1030 | D        | Noticed a shadow dragon
  1030 | D        | Noticed a shadow dragon
  1030 | D        | Noticed a soul eater
  1039 | D        | Killed a soul eater
  1040 | D        | Killed a soul eater
  1044 | D        | Killed a shadow dragon
  1045 | D        | Reached skill level 10 in Conjurations
  1045 | D        | Reached skill level 10 in Hexes
  1045 | D        | Reached skill level 10 in Summonings
  1045 | D        | Reached skill level 10 in Necromancy
  1045 | D        | Reached skill level 10 in Translocations
  1045 | D        | Reached skill level 10 in Transmutations
  1045 | D        | Reached skill level 10 in Fire Magic
  1045 | D        | Reached skill level 10 in Ice Magic
  1045 | D        | Reached skill level 10 in Air Magic
  1045 | D        | Reached skill level 10 in Earth Magic
  1045 | D        | Reached skill level 10 in Poison Magic
  1047 | D        | Killed a soul eater
  1049 | D        | Killed a shadow dragon
  1050 | D        | Reached skill level 14 in Dodging
  1059 | D        | Killed a shadow dragon
  1060 | D        | Found a transporter.
  1144 | D        | Got the Codex of Despair
  1153 | D        | Entered arena 15.
  1154 | D        | Noticed a blizzard demon
  1154 | D        | Noticed a green death
  1154 | D        | Noticed Pexelogg the pandemonium lord
  1154 | D        | Noticed a blizzard demon
  1155 | D        | Noticed Cuthrir the pandemonium lord
  1155 | D        | Noticed a sun demon
  1164 | D        | Drowned by Cuthrir the pandemonium lord

Illustrated notes

Levels and vault maps discovered:
D:        sprint_v [room_start, room_1, room_2, room_3, room_4, room_5, room_6,
          room_7, room_8, room_9, room_10, room_11, room_12, room_13, room_14,
          room_15, room_16, room_17, room_18, room_19, room_20, room_21,
          room_22, room_23, room_24, room_25, room_26, room_27]

Skill      XL: |  1  2  3  4  5  6  7  8  9 10 11 12 |
---------------+-------------------------------------+-----
Fighting       | 3 4 5 6 7 8 10 11 12 | 12.4
Short Blades   | 2 3 4 5 6 7 8 9 11 12 | 12.2
Long Blades    | 2 3 4 5 6 7 8 9 11 12 | 12.2
Axes           | 2 3 4 5 6 7 8 9 11 12 | 12.2
Maces & Flails | 2 3 4 5 6 7 8 9 11 12 | 12.2
Polearms       | 2 3 4 5 6 7 8 9 11 12 | 12.2
Staves         | 2 3 4 5 6 7 8 9 11 12 | 12.2
Ranged Weapons | 2 3 4 5 6 7 8 9 11 12 | 12.2
Throwing       | 2 3 4 5 6 7 8 9 11 12 | 12.2
Armour         | 2 3 4 5 6 7 8 9 11 12 | 12.2
Dodging        | 5 6 7 8 9 10 13 14 | 14.4
Stealth        | 2 3 4 5 6 7 8 9 11 12 | 12.2
Shields        | 2 3 4 5 6 7 8 9 11 12 | 12.2
Unarmed Combat | 7 8 9 10 11 13 | 13.7
Spellcasting   | 2 3 4 5 6 7 8 9 11 12 | 12.2
Conjurations   | 2 3 4 5 6 7 8 9 10 | 10.3
Hexes          | 2 3 4 5 6 7 8 9 10 | 10.3
Summonings     | 2 3 4 5 6 7 8 9 10 | 10.3
Necromancy     | 2 3 4 5 6 7 8 9 10 | 10.3
Translocations | 2 3 4 5 6 7 8 9 10 | 10.3
Transmutations | 2 3 4 5 6 7 8 9 10 | 10.3
Fire Magic     | 2 3 4 5 6 7 8 9 10 | 10.3
Ice Magic      | 2 3 4 5 6 7 8 9 10 | 10.3
Air Magic      | 2 3 4 5 6 7 8 9 10 | 10.3
Earth Magic    | 2 3 4 5 6 7 8 9 10 | 10.3
Poison Magic   | 2 3 4 5 6 7 8 9 10 | 10.3
Invocations    | 2 3 4 5 6 7 8 9 10 12 13 | 13.2
Evocations     | 2 3 4 5 6 7 8 9 11 12 | 12.2
Shapeshifting  | 7 8 9 10 11 12 | 12.1

Action                     |  1- 3 |  4- 6 |  7- 9 | 10-12 || total
---------------------------+-------+-------+-------+-------++-------
  Melee: Double sword      |     7 |    12 |    14 |     4 ||    37
         Staff             |       |       |       |     4 ||     4
         Bite              |       |       |       |     3 ||     3
         Lance             |       |       |       |    25 ||    25
 Invoke: Slouch            |       |       |     6 |    24 ||    30
  Evoke: Wand              |       |     2 |       |       ||     2
         Phantom mirror    |       |       |       |     1 ||     1
    Use: Potion            |     2 |       |       |     5 ||     7
 Armour: Plate armour      |     8 |    13 |     3 |       ||    24
         Gold dragon scale |       |       |       |     9 ||     9
  Dodge: Dodged            |       |     1 |       |    16 ||    17
  Block: Kite shield       |    13 |    19 |    17 |    63 ||   112

Table legend: (Time is in decaauts)
 A = Elapsed time spent in this place.
 B = Non-inter-level travel time spent in this place.
 C = Inter-level travel time spent in this place.
 D = Time resting spent in this place.
 E = Time spent auto-exploring this place.
 F = Levels seen in this place.
 G = Mean time per level.
                   A        B        C        D        E       F      G
               +--------+--------+--------+--------+--------+-----+--------+
         Total |   1328 |   1328 |      0 |    718 |      0 |   1 | 1328.0 |
       Dungeon |   1328 |   1328 |      0 |    718 |      0 |   1 | 1328.0 |
               +--------+--------+--------+--------+--------+-----+--------+

Top non-repeatable levels by time:
       D: 1328 daAuts
